 Dungeon Crawl Stone Soup version 0.29-a0-857-g9b1aa3ac5b (webtiles) character file.

Game seed: 16242591937573254661

406 xian the Shooter (level 6, -5/32 HPs)
             Began as a Spriggan Hunter on July 16, 2022.
             Was an Initiate of Gozag.
             Killed from afar by a white imp (7 damage)
             ... with a puff of frost
             ... on level 5 of the Dungeon.
             The game lasted 00:11:07 (2734 turns).

xian the Shooter (Spriggan Hunter)                  Turns: 2734, Time: 00:11:08

Health: -5/32      AC:  6    Str:  7    XL:     6   Next: 56%
Magic:  7/7        EV: 18    Int: 11    God:    Gozag
Gold:   199        SH:  0    Dex: 20    Spells: 5/5 levels left

rFire   . . .      SeeInvis +   a - +0 shortbow
rCold   . . .      Faith    .   (shield currently unavailable)
rNeg    . . .      Spirit   .   c - +1 robe
rPois   .          Reflect  .   (helmet restricted)
rElec   .          Harm     .   l - +2 cloak
rCorr   .          Rampage  .   (gloves unavailable)
Will    +....                   (boots unavailable)
Stlth   ++........              (no amulet)
HPRegen 0.10/turn               (no ring)
MPRegen 0.10/turn               (no ring)

@: gold aura, very quick
A: very small, no large weapons, unfitting armour, see invisible, speed 3
a: Renounce Religion, Potion Petition, Call Merchant, Bribe Branch


You were on level 5 of the Dungeon.
You worshipped Gozag.
Gozag was aware of your devotion.
You visited 1 branch of the dungeon, and saw 5 of its levels.

You collected 260 gold pieces.
You paid 61 gold pieces to Gozag.

Inventory:

Hand Weapons
 a - a +0 shortbow (weapon)
 k - a +2 dagger of venom
Armour
 c - a +1 robe (worn)
 l - a +2 cloak (worn)
Scrolls
 b - a scroll of immolation
 e - a scroll of enchant armour
 h - a scroll of magic mapping
Potions
 d - a potion of haste {unknown}
 f - a potion of lignification {unknown}
 g - a potion of degeneration {unknown}
 i - a potion of curing


   Skills:
 + Level 2.6 Fighting
 + Level 7.2 Ranged Weapons
 + Level 3.5 Dodging
 + Level 2.0 Stealth


You had 5 spell levels left.
You didn't know any spells.
Your spell library contained the following spells:

 Spells                   Type           Power      Damage    Failure   Level
 Magic Dart               Conj           0%         1d3       34%         1
 Summon Small Mammal      Summ           0%         N/A       34%         1
 Call Imp                 Summ           0%         N/A       47%         2
 Call Canine Familiar     Summ           0%         N/A       71%         3
 Mephitic Cloud           Conj/Pois/Air  0%         N/A       71%         3
 Summon Guardian Golem    Hex/Summ       0%         N/A       71%         3


Dungeon Overview and Level Annotations

Branches:
Dungeon (4/15)
 Temple: D:4-7

Altars:
Fedhas
Gozag
Kikubaaqudgha
Nemelex Xobeh
The Shining One


Innate Abilities, Weirdness & Mutations

You are very small and have problems with some larger weapons.
You are too small for most types of armour.
You have supernaturally acute eyesight. (SInv)
You cover ground extremely quickly. (Speed+++)


Message History

The puff of frost misses you.
Fire: a) +0 shortbow
Press: ? - help, Q - select action, (/) - cycle Shift-Dir - straight line, f/p - white imp
Aim: a white imp (moderately wounded, 66% to hit)
You shoot an arrow. The arrow closely misses the white imp.
You see here a +0 ring mail.
The white imp gestures at you. The puff of frost hits you.
* * * LOW HITPOINT WARNING * * *
You feel better.
Fire: a) +0 shortbow
Press: ? - help, Q - select action, (/) - cycle Shift-Dir - straight line, f/p - white imp
Aim: a white imp (lightly wounded, 66% to hit)
You shoot an arrow.
The arrow hits the white imp but does no damage.
The white imp is lightly wounded.
The white imp gestures at you. The puff of frost hits you!
* * * LOW HITPOINT WARNING * * *
You see here 7 gold pieces.
You see here a +0 giant club.
Found a glowing golden altar of the Shining One.
Found a leather armour.
An orc is nearby!
You are too injured to fight recklessly!
Fire: a) +0 shortbow
Press: ? - help, Q - select action, (/) - cycle Shift-Dir - straight line, f - orc
Aim: an orc, wielding a +0 flail and wearing a +0 leather armour (wandering, hasn't noticed you, 66% to hit)
You shoot an arrow. The arrow barely misses the orc.
The orc shouts!
Fire: a) +0 shortbow
Press: ? - help, Q - select action, (/) - cycle Shift-Dir - straight line, f/p - orc
Aim: an orc, wielding a +0 flail and wearing a +0 leather armour (66% to hit)
You shoot an arrow. The arrow hits the orc!
You kill the orc!
A scorpion comes into view.
The white imp gestures at you. The puff of frost hits you!
You die...
Your body crumbles into a pile of gold.

...§.#.# #.≈§§..
###..≈.#.[.#§≈s..#
#+###..$.≈.#._.#.≈.§.#
......##.≈.# ..#.....#
.........≈.###.#.§...##
......§..≈.....$.≈....
.........§≈§≈≈≈≈≈≈.#.##
#...........@.....#
#........##.#.#...#
#.######....#... .# #$#
#5######...
#####.######)# #....
..........##.# ....
..........##.#######
...
....>...5..5$......# ..
......######.......#


You could see a scorpion (wandering) and a white imp.

Vanquished Creatures
  An ogre (D:5)
  A necrophage (D:3)
  2 orc priests (D:5)
  A hound (D:3)
  2 iguanas (D:5)
  4 gnolls
  2 adders (D:2)
  2 worms (D:3)
  A dart slug (D:2)
  7 orcs (D:5)
  3 endoplasms
  3 giant cockroaches
  3 goblins (D:2)
  5 hobgoblins
  4 quokkas
  4 ball pythons
  8 bats
  3 frilled lizards
  5 kobolds
  3 rats
64 creatures vanquished.

Vanquished Creatures (others)
  2 fungi (D:2)
  A plant (D:2)
3 creatures vanquished.

Grand Total: 67 creatures vanquished

Notes
Turn   | Place    | Note
-------+----------+-------------------------------------------
     0 | D:1      | xian the Spriggan Hunter began the quest for the Orb.
     0 | D:1      | Reached XP level 1. HP: 10/10 MP: 2/2
   148 | D:1      | Reached XP level 2. HP: 12/15 MP: 3/3
   794 | D:2      | Found a faded altar of an unknown god.
   961 | D:2      | Reached XP level 3. HP: 18/18 MP: 4/4
  1425 | D:2      | Reached skill level 5 in Ranged Weapons
  1732 | D:2      | Reached XP level 4. HP: 22/23 MP: 5/5
  1946 | D:3      | Found an ancient bone altar of Kikubaaqudgha.
  2126 | D:3      | Noticed a necrophage
  2169 | D:3      | Killed a necrophage
  2170 | D:3      | Reached skill level 6 in Ranged Weapons
  2170 | D:3      | Reached XP level 5. HP: 27/27 MP: 6/6
  2207 | D:3      | Found a sparkling altar of Nemelex Xobeh.
  2377 | D:3      | Found an opulent altar of Gozag.
  2391 | D:3      | Became a worshipper of Gozag Ym Sagoz the Greedy
  2505 | D:3      | Found a blossoming altar of Fedhas.
  2623 | D:4      | You fall into a shaft and drop 1 floor!
  2623 | D:5      | Entered Level 5 of the Dungeon
  2640 | D:5      | Noticed an ogre
  2644 | D:5      | Reached XP level 6. HP: 18/32 MP: 7/7
  2662 | D:5      | Reached skill level 7 in Ranged Weapons
  2721 | D:5      | HP: 1/32 [white imp/puff of frost (11)]
  2730 | D:5      | Found a glowing golden altar of the Shining One.
  2734 | D:5      | Killed from afar by a white imp

Illustrated notes

Levels and vault maps discovered:
D:1:      lightli_arrival_statue_moat, layout_loops_ring
D:2:      layout_basic, shapermc_ecumenical_altar_gd
D:3:      layout_loops_ring, mainiacjoe_overflow_alcove_2, old_standard_altar,
          nicolae_gozag_cash_rules_everything_around_me,
          mainiacjoe_overflow_catwalk, minmay_misc_feat_x,
          amcnicky_mini_pool_small, minmay_misc_feat_five
D:4:      layout_basic, kennysheep_path_1, uniq_menkaure
D:5:      layout_basic, mainiacjoe_overflow_brackets,
          nicolae_dithmenos_the_darkroom, mainiacjoe_overflow_surrounded_room,
          minmay_temple_entry_proselytizer, uniq_eustachio

Skill      XL: |  1  2  3  4  5  6 |
---------------+-------------------+-----
Fighting       | 2 |  2.6
Ranged Weapons | 5 6 7 |  7.2
Dodging        | 3 |  3.5
Stealth        | 2 |  2.0

Action                   |  1- 3 |  4- 6 || total
-------------------------+-------+-------++-------
 Fire: Shortbow          |    92 |    96 ||   188
  Use: Scroll            |     4 |     3 ||     7
       Potion            |       |     1 ||     1
Armor: Robe              |     2 |     6 ||     8
Dodge: Dodged            |    12 |    22 ||    34

Table legend: (Time is in decaauts)
 A = Elapsed time spent in this place.
 B = Non-inter-level travel time spent in this place.
 C = Inter-level travel time spent in this place.
 D = Time resting spent in this place.
 E = Time spent auto-exploring this place.
 F = Levels seen in this place.
 G = Mean time per level.
                   A        B        C        D        E       F      G
               +--------+--------+--------+--------+--------+-----+--------+
         Total |   1883 |   1783 |    100 |      0 |   1270 |   5 |  376.6 |
       Dungeon |   1883 |   1783 |    100 |      0 |   1270 |   5 |  376.6 |
               +--------+--------+--------+--------+--------+-----+--------+

Top non-repeatable levels by time:
     D:2: 727 daAuts
     D:3: 580 daAuts
     D:1: 485 daAuts
     D:5: 90 daAuts
